Map: Abiogenesis LE

Players

Hylian - Winner!

  • Race: Protoss Protoss
  • Spawn Location: 11:00

A.I. 1 (Easy)

  • Race: Zerg Zerg
  • Spawn Location: 5:00

VOD

Have the link to the VOD?

Description

Time

  • Played on: March 13, 2018, 3:37 a.m.
  • Length: 5:20
Show
View Real Time Build Order
Export as new Build Order

Hylian Protoss - Winner!

Build Orders:  

Get SALT Encoding   

  12  0:01  Probe  
  13  0:13  Probe  
  14  0:19  Pylon  
  14  0:26  Probe  
  15  0:38  Probe  
  16  0:50  Probe  
  16  0:53  Gateway  
  17  0:57  Assimilator  
  17  1:03  Probe  
  18  1:15  Probe  
  19  1:27  Probe  
  20  1:39  Probe  
  21  1:43  Cybernetics Core  
  21  1:45  Zealot  
  23  1:55  Pylon  
  23  2:09  Warp Gate (Chrono Boost)  
  23  2:19  Adept  
  25  2:30  Gateway  
  25  2:32  Gateway  
  25  2:34  Gateway  
  25  2:37  Pylon  
  25  2:38  Pylon  
  25  2:46  Adept  
  27  3:14  Adept  
  29  3:59  Zealot x4  
  37  4:22  Stalker x3  
  37  4:23  Stalker  
Show
View Real Time Build Order
Export as new Build Order

A.I. 1 (Easy) Zerg 

Build Orders: Pool Only 

Get SALT Encoding   

  12  0:00  Drone  
  13  0:12  Overlord  
  13  0:16  Drone  
  14  0:31  Drone  
  14  0:35  Drone  
  16  0:42  Spawning Pool  
  15  0:45  Drone  
  15  0:47  Extractor  
  15  0:51  Drone  
  16  0:59  Overlord  
  16  1:31  Queen, Zergling x2  
  19  1:33  Roach Warren  
  19  1:35  Extractor  
  19  1:36  Drone  
  18  1:42  Drone, Zergling x2  
  20  1:55  Drone  
  21  2:05  Overlord  
  21  2:14  Drone  
  22  2:25  Drone  
  23  2:36  Drone  
  24  2:37  Roach  
  24  2:40  Drone  
  27  2:44  Drone  
  28  3:01  Roach, Ravager  
  31  4:31  Zergling x2  
  31  4:32  Overlord  
  26  4:40  Queen  
  25  4:46  Roach  
  26  4:57  Drone  
  26  5:00  Roach  
  26  5:02  Drone  
  26  5:06  Drone  
  21  5:10  Spawning Pool  
Tags
 
Matchup
PvZ
Opening
Pool Only
Spawn Locations
Cross Positions
Add a new tag
Caveats
  • Supply blocks, unpowered buildings, or Contaminate may cause inaccurate times.
  • Supply counts are checked every 10 seconds.